 Dungeon Crawl Stone Soup version 0.17-a0-2171-ga91b4ec (webtiles) character file.

87 nicanaca0 the Bolt Thrower (level 4, 0/26 HPs)
             Began as a Kobold Hunter on Oct 25, 2015.
             Was an Initiate of Makhleb.
             Slain by nicanaca0's ghost (12 damage)
             ... on level 3 of the Dungeon.
             The game lasted 00:07:08 (2435 turns).

nicanaca0 the Bolt Thrower (Kobold Hunter)          Turns: 2435, Time: 00:07:08

Health: 0/26       AC:  8    Str: 11    XL:     4   Next: 80%
Magic:  4/4        EV: 14    Int:  9    God:    Makhleb [......]
Gold:   213        SH:  0    Dex: 16    Spells: 0 memorised, 3 levels left

rFire  . . .     SeeInvis .     b - +0 spear (venom)
rCold  . . .     Clarity  .     d - +0 leather armour
rNeg   . . .     SustAt   .     (shield restricted)
rPois  .         Gourm    .     p - +0 helmet
rElec  .         Spirit   .     i - +2 cloak
rCorr  .         Warding  .     (no gloves)
rMut   .         Stasis   .     f - +0 pair of boots
MR     .....                    (no amulet)
Stlth  ++........               (no ring)
                                (no ring)

@: not resistant to hostile enchantments, unstealthy
A: carnivore 3
a: Renounce Religion


You were on level 3 of the Dungeon.
You worshipped Makhleb.
Makhleb was noncommittal.
You were completely stuffed.

You visited 1 branch of the dungeon, and saw 3 of its levels.

You collected 213 gold pieces.

Inventory:

Hand Weapons
 a - a +1 hand crossbow
 b - a +0 spear of venom (weapon)
 s - a +0 short sword
Missiles
 c - 16 bolts
Armour
 d - a +0 leather armour (worn)
 f - a +0 pair of boots (worn)
 i - a +2 cloak (worn)
 p - a +0 helmet (worn)
Scrolls
 h - a scroll of fear {unknown}
 j - 2 scrolls of immolation {unknown}
 m - a scroll of remove curse {unknown}
 o - 3 scrolls of recharging {unknown}
 q - a scroll of fog {unknown}
 r - a scroll of teleportation {unknown}
 t - a scroll of identify {unknown}
Potions
 g - a potion of invisibility {unknown}
 k - 3 potions of curing {unknown}
 l - a potion of cancellation {unknown}
 u - a potion of haste {unknown}
Comestibles
 e - a meat ration
 n - 3 slices of pizza


   Skills:
 + Level 2.1 Fighting
 * Level 7.0 Crossbows
 + Level 2.4 Dodging
 - Level 1.3 Stealth


You had 3 spell levels left.
You didn't know any spells.

Dungeon Overview and Level Annotations

Branches:
Dungeon (3/15)

Altars:
Dithmenos
Makhleb

Annotations:
D:3 nicanaca0's ghost, amateur GrBe


Innate Abilities, Weirdness & Mutations

You are small and have problems with some larger weapons.
You are carnivorous and can eat meat at any time.


Message History

You continue eating. x2
Found 24 stones.
No target in view!
Found a stone staircase leading down.
q - a scroll labeled DOAVVEMMUPSU
n - 3 slices of pizza (gained 1)
You now have 188 gold pieces (gained 12).
You now have 198 gold pieces (gained 10).
HP restored.
You now have 213 gold pieces (gained 15).
Found a stone staircase leading up.
Found 18 stones.
Nicanaca0's ghost (amateur Gargoyle Berserker) comes into view.
Nicanaca0's ghost turns its malevolent gaze towards you.
You closely miss nicanaca0's ghost. Nicanaca0's ghost hits you!
Ouch! That really hurt!
You hit nicanaca0's ghost but do no damage.
Nicanaca0's ghost barely misses you. Nicanaca0's ghost hits you!
You die...

###############
#.............#
#.###########.#
#.# #.#
#.###########.#
#...........#.#
###########.#.###
#....W.# #..#.#@#
#..#.#.# #..#.#.#
#.(#.#.# #.#
#..#.#.# ..#
####.#.#
..#.....# ..#.#
..#.....# #.#
.>#.....# #.#


You could see nicanaca0's ghost.

Vanquished Creatures
  2 adders
  2 worms (D:2)
  2 giant geckos (D:2)
  2 ball pythons
  3 giant cockroaches
  11 hobgoblins
  A jackal (D:1)
  9 bats
  2 giant newts
  5 goblins
  11 kobolds
  11 rats
61 creatures vanquished.

Notes
Turn   | Place    | Note
--------------------------------------------------------------
     0 | D:1      | nicanaca0 the Kobold Hunter began the quest for the Orb.
     0 | D:1      | Reached XP level 1. HP: 12/12 MP: 1/1
   109 | D:1      | Reached skill level 5 in Crossbows
   225 | D:1      | Reached XP level 2. HP: 17/17 MP: 2/2
   794 | D:1      | Reached XP level 3. HP: 17/21 MP: 3/3
   950 | D:1      | Reached skill level 6 in Crossbows
  1665 | D:2      | Reached XP level 4. HP: 26/26 MP: 4/4
  1787 | D:2      | Found a burning altar of Makhleb.
  1792 | D:2      | Became a worshipper of Makhleb the Destroyer
  2168 | D:2      | Found a shadowy altar of Dithmenos.
  2308 | D:3      | Reached skill level 7 in Crossbows
  2430 | D:3      | Noticed nicanaca0's ghost (amateur GrBe)
  2435 | D:3      | Slain by nicanaca0's ghost

Vault maps used:
D:1:      wheals_arrival_linesprint
D:2:      nicolae_dithmenos_through_a_glass_darkly, bloody_makhleb
D:3:      nicolae_overflow_crystal_walls, uniq_natasha

Action                   |  1- 3 |  4- 6 || total
-------------------------+-------+-------++-------
Melee: Short sword       |    87 |       ||    87
       Spear             |    19 |    59 ||    78
 Fire: Hand crossbow     |    21 |       ||    21
 Stab: Sleeping          |     3 |     1 ||     4
  Eat: Chunk             |    11 |     2 ||    13
